 Dungeon Crawl Stone Soup version 0.31-a0-198-g2ad674f65e (webtiles) character file.

Game seed: 14966211556714847482

75 qw the Shooter (level 4, -4/25 HPs)
             Began as a Deep Elf Hunter on June 25, 2023.
             Killed from afar by Maggie (29 damage)
             ... with a bolt of fire
             ... on level 6 of the Dungeon.
             The game lasted 00:00:38 (2138 turns).

qw the Shooter (Deep Elf Hunter)                    Turns: 2138, Time: 00:00:38

Health: -4/25      AC:  5    Str:  9 (10) XL:     4   Next: 11%
Magic:  6/6        EV: 10    Int: 13 (14) God:
Gold:   115        SH:  0    Dex: 16 (18) Spells: 3/3 levels left

rFire   . . .        Y - +0 shortbow
rCold   . . .        (shield currently unavailable)
rNeg    . . .        k - +0 ring mail
rPois   .            (no helmet)
rElec   .            (no cloak)
rCorr   .            (no gloves)
SInv    .            (no boots)
Will    .....        (no amulet)
Stlth   +            (no ring)
HPRegen 0.24/turn    (no ring)
MPRegen 0.10/turn

%: no passive effects
@: no status effects
A: no striking features
a: no special abilities


You were on level 6 of the Dungeon.
You visited 1 branch of the dungeon, and saw 4 of its levels.

You collected 115 gold pieces.


   Skills:
 - Level 1.5 Fighting
 + Level 7.5 Ranged Weapons
 - Level 2.4 Dodging
 - Level 1.2 Stealth


You had 3 spell levels left.
You didn't know any spells.
Your spell library was empty.

Inventory:

Hand Weapons
 Y - a +0 shortbow (weapon)
Armour
 k - a +0 ring mail (worn)
Potions
 a - a potion of magic {unknown}
 j - a potion of haste {unknown}
 l - a potion of heal wounds

Dungeon Overview and Level Annotations

Branches:
Dungeon (3/15)

Altars:
Zin

Annotations:
D:6 Maggie


Message History

There is a stone staircase leading up here.
A ball python is nearby!
Waypoint 2 assigned to D:3.
You shoot an arrow. The arrow hits the ball python.
You kill the ball python!
Found 6 stones.
A sourceless malevolence fills the Dungeon...
You fall into a shaft and drop 3 floors!
The shaft crumbles and collapses.
Waypoint 3 assigned to D:6.
As you open the door, it creaks loudly!
An adder comes into view.
You shoot an arrow. The arrow barely misses the adder.
You shoot an arrow. The arrow hits the adder.
The adder is heavily wounded.
The adder closely misses you.
You shoot an arrow. The arrow barely misses the adder.
The adder bites you but does no damage. The adder barely misses you.
You shoot an arrow. The arrow completely misses the adder.
The adder closely misses you.
You shoot an arrow. The arrow barely misses the adder.
The adder bites you. x2
You shoot an arrow. The arrow barely misses the adder.
The adder barely misses you.
You shoot an arrow. The arrow hits the adder.
You kill the adder!
You feel your intelligence returning.
You have reached level 4!
You feel clever.
You start resting.
HP restored.
There is an open door here.
As you open the door, it creaks loudly!
You hear a shout!
You hear an angry hiss.
Maggie the Vainglorious comes into view.
She is wielding a +0 war axe.
There is an open door here.
You shoot an arrow.
The arrow hits Maggie but does no damage.
Maggie gestures at you while chanting. The bolt of fire hits you!!
Ouch! That really hurt!
You die...

.# .# .. ##@# ##..#
##...# #....# ##@##
##...## ##.....##
## ##.......#
.#...####.........#
........'.........+
.....####.........#
.## ##.......##
##.....##


You could see Maggie.

Vanquished Creatures
  2 adders
  2 worms (D:2)
  2 dart slugs (D:2)
  5 ball pythons
  5 endoplasms
  3 giant cockroaches
  4 goblins
  2 hobgoblins (D:2)
  4 jackals (D:1)
  3 quokkas
  3 bats
  3 frilled lizards
  3 kobolds
  3 rats
44 creatures vanquished.

Notes
Turn   | Place    | Note
-------+----------+-------------------------------------------
     0 | D:1      | qw the Deep Elf Hunter began the quest for the Orb.
     0 | D:1      | Reached XP level 1. HP: 12/12 MP: 3/3
     0 | D:1      | 0 ||| qw: Version: 0.3-a-22-g0ed2b0b
     0 | D:1      | 0 ||| qw: Game counter: 5274
     0 | D:1      | 0 ||| qw: Melee chars always use a shield: true
     0 | D:1      | 0 ||| qw: God list: Okawaru
     0 | D:1      | 0 ||| qw: Allow faded altars: false
     0 | D:1      | 0 ||| qw: Do Orc after clearing Dungeon:15 true
     0 | D:1      | 0 ||| qw: Do second Lair branch before Depths: true
     0 | D:1      | 0 ||| qw: Lair rune preference: random
     0 | D:1      | 0 ||| qw: Goals: Normal
     0 | D:1      | 0 ||| PLANNING D:1-11
    76 | D:1      | Reached XP level 2. HP: 16/16 MP: 4/4
   131 | D:1      | Reached skill level 6 in Ranged Weapons
   906 | D:1      | 906 ||| UPGRADING to +0 ring mail.
   916 | D:1      | 916 ||| DROPPING +0 leather armour.
   917 | D:1      | 917 ||| READING scroll labelled BEOMA SOPS.
  1018 | D:1      | 1018 ||| READING scroll labelled VACZIN XUSEGAWN.
  1019 | D:1      | 1019 ||| READING scroll labelled WEAMERIEXKA.
  1020 | D:1      | 1020 ||| READING scroll labelled XUK WOQUEDEID.
  1021 | D:1      | 1021 ||| DRINKING 2 puce potions.
  1022 | D:1      | 1022 ||| DRINKING 2 sapphire potions.
  1023 | D:1      | 1023 ||| DROPPING scroll of butterflies.
  1024 | D:1      | 1024 ||| DROPPING potion of degeneration.
  1228 | D:2      | Reached XP level 3. HP: 20/20 MP: 5/5
  1269 | D:2      | Found a glowing silver altar of Zin.
  1337 | D:2      | Reached skill level 7 in Ranged Weapons
  2034 | D:2      | 2034 ||| READING scroll labelled HAYRAS HARIGG.
  2035 | D:2      | 2035 ||| READING scroll labelled YLEGOD CAAGE.
  2036 | D:2      | 2036 ||| DRINKING 2 bubbling yellow potions.
  2038 | D:2      | 2038 ||| Stepping ~*~*~tactically~*~*~ (cloud).
  2038 | D:2      | HP: 3/20 [poisoned by you (poison gas)]
  2039 | D:2      | 2039 ||| DRINKING potion of curing.
  2039 | D:2      | 2039 ||| (to cure poison)
  2105 | D:3      | You fall into a shaft and drop 3 floors!
  2114 | D:6      | Reached XP level 4. HP: 21/25 MP: 6/6
  2137 | D:6      | Noticed Maggie
  2138 | D:6      | Killed from afar by Maggie

Levels and vault maps discovered:
D:1:      dpeg_arrival_connections, layout_basic, reono_crystal_passage
D:2:      layout_loops_corners, basic_altar, corexii_hall_statues_deadend
D:3:      layout_basic, grunt_nemelex_the_gamble
D:6:      layout_loops_corners, amcnicky_altar_gilded, uniq_maggie

Skill      XL: |  1  2  3 |
---------------+----------+-----
Ranged Weapons | 6 7 |  7.5
Fighting       | |  1.5
Dodging        | |  2.4
Stealth        | |  1.2

Action                     |  1- 3 |  4- 6 || total
---------------------------+-------+-------++-------
   Fire: Shortbow          |   128 |     1 ||   129
    Use: Scroll            |     6 |       ||     6
         Potion            |     4 |       ||     4
 Armour: Leather armour    |     5 |       ||     5
         Ring mail         |     3 |       ||     3
  Dodge: Dodged            |    22 |       ||    22

Table legend:
 A = Non-vault XP
 B = Vault XP
 C = Vault XP percentage of total XP
 D = Non-vault monster count
 E = Vault monster count
 F = Vault count percentage of total count
                 A         B        C        D         E       F
            +---------+---------+-------+---------+---------+-------
      Total |     108 |       0 |   0.0 |      44 |       0 |   0.0
            +---------+---------+-------+---------+---------+-------
        D:1 |      36 |       0 |   0.0 |      21 |       0 |   0.0
        D:2 |      58 |       0 |   0.0 |      21 |       0 |   0.0
        D:3 |       1 |       0 |   0.0 |       1 |       0 |   0.0
        D:6 |      13 |       0 |   0.0 |       1 |       0 |   0.0
            +---------+---------+-------+---------+---------+-------
